Map: Port Aleksander LE

Players

HeroMarine - Winner!

  • Race: Terran Terran
  • Spawn Location: 11:00

DnS

  • Race: Protoss Protoss
  • Spawn Location: 5:00

Event: 2019 WCS Spring

VOD

Have the link to the VOD?

Description

Time

  • Played on: May 18, 2019, 10:02 a.m.
  • Length: 13:47

All games in this series

Show
View Real Time Build Order
Export as new Build Order

HeroMarine Terran - Winner!

Build Orders:  

Get SALT Encoding   

  12  0:00  SCV  
  13  0:12  SCV  
  14  0:18  Supply Depot  
  14  0:24  SCV  
  15  0:39  SCV  
  16  0:45  Barracks  
  16  0:55  Barracks  
  16  0:57  SCV  
  17  1:05  Refinery  
  17  1:09  SCV  
  18  1:21  SCV  
  19  1:33  Marine  
  19  1:34  Orbital Command  
  20  1:43  Marine  
  21  1:51  Marine  
  22  1:56  Supply Depot  
  22  2:01  Marine  
  22  2:03  SCV  
  23  2:17  Marine  
  23  2:18  SCV  
  23  2:19  Bunker, Marine  
  23  2:22  Factory  
  26  2:30  SCV  
  26  2:35  Marine  
  27  2:37  Marine  
  27  2:42  SCV  
  28  2:54  SCV  
  31  3:03  Bunker  
  31  3:07  Factory Tech Lab  
  31  3:11  SCV  
  31  3:12  Command Center  
  30  3:23  SCV  
  30  3:25  Supply Depot  
  29  3:35  SCV  
  30  3:43  Refinery  
  30  3:46  Cyclone  
  30  3:47  SCV  
  34  3:50  Starport  
  33  3:59  SCV  
  34  4:11  SCV  
  34  4:12  Barracks  
  35  4:19  Widow Mine  
  35  4:23  SCV  
  38  4:29  Starport Tech Lab  
  38  4:30  Medivac  
  40  4:31  Barracks Tech Lab  
  40  4:35  SCV  
  40  4:37  Barracks Tech Lab  
  41  4:40  Widow Mine  
  43  4:46  Orbital Command  
  43  4:48  SCV  
  43  4:52  Marine  
  45  4:56  Stimpack  
  45  4:57  Marine  
  46  5:00  SCV  
  46  5:01  Refinery, Marine  
  46  5:02  Engineering Bay  
  48  5:10  Marine  
  48  5:12  SCV  
  48  5:13  SCV  
  51  5:20  Starport Reactor  
  51  5:22  Barracks Reactor  
  51  5:24  SCV  
  51  5:25  SCV  
  51  5:27  Supply Depot  
  53  5:28  Supply Depot  
  53  5:32  Terran Infantry Weapons Level 1  
  53  5:36  SCV  
  53  5:38  Missile Turret  
  54  5:48  SCV x2, Marauder x2  
  60  6:00  SCV x2  
  62  6:05  Combat Shield, Marine  
  62  6:06  Marine  
  62  6:11  Medivac, Marine x2  
  60  6:12  SCV x2  
  60  6:13  Medivac  
  60  6:17  Command Center  
  66  6:23  Marine x2  
  66  6:24  SCV x2  
  70  6:31  Missile Turret  
  70  6:37  Supply Depot  
  70  6:41  Barracks  
  70  6:46  Factory Reactor  
  70  6:47  Barracks  
  70  6:52  Refinery  
  70  6:53  Supply Depot  
  70  6:58  SCV x2, Marine x2  
  70  6:59  Marauder x2  
  70  7:00  Supply Depot  
  77  7:11  SCV  
  77  7:14  SCV  
  79  7:19  Marine x2  
  79  7:20  Marauder x2  
  79  7:22  Medivac x2  
  89  7:24  SCV  
  89  7:26  SCV  
  90  7:30  Orbital Command  
  90  7:36  SCV  
  95  7:38  SCV, Terran Infantry Armor Level 1  
  96  7:48  SCV  
  96  7:49  Ghost Academy  
  96  7:50  SCV  
  94  7:53  Viking x2  
  100  7:58  Marauder  
  100  7:59  Marauder  
  100  8:00  SCV, Marauder  
  100  8:02  Orbital Command  
  100  8:03  SCV  
  100  8:05  Supply Depot  
  106  8:10  Supply Depot x2  
  106  8:12  SCV  
  107  8:15  SCV  
  108  8:26  Viking x2  
  112  8:27  SCV x2  
  112  8:33  Missile Turret  
  114  8:34  SCV  
  114  8:38  Refinery  
  114  8:39  SCV  
  114  8:40  SCV  
  114  8:41  Armory  
  117  8:43  Ghost  
  117  8:45  Ghost  
  120  8:48  Ghost  
  120  8:53  SCV x3  
  125  8:59  Supply Depot  
  125  9:00  Viking x2, Refinery  
  129  9:05  SCV x3  
  132  9:12  Starport  
  132  9:15  Barracks Reactor  
  132  9:23  Supply Depot  
  131  9:25  Supply Depot  
  131  9:27  Marauder  
  131  9:28  Marauder  
  131  9:30  Viking x2  
  141  9:32  Terran Infantry Weapons Level 2  
  141  9:34  Marauder  
  141  9:40  Supply Depot  
  141  9:41  Supply Depot  
  141  9:44  Marine x2  
  143  9:47  Ghost  
  143  9:49  Viking x2  
  149  10:03  Marine  
  149  10:04  Marine x3  
  149  10:05  Marauder x2  
  157  10:08  Viking x2, Supply Depot  
  161  10:15  Supply Depot  
  161  10:17  Marauder  
  162  10:26  Marauder x2  
  162  10:27  Marine x4  
  170  10:31  Terran Ship Weapons Level 1, Engineering Bay  
  169  10:38  Marauder  
  171  10:43  Missile Turret  
  171  10:44  Missile Turret  
  171  10:46  Medivac x2  
  171  10:47  Ghost x2, Barracks  
  179  10:50  Barracks  
  179  10:55  Viking x2  
  179  11:00  Marauder  
  179  11:01  Liberator x2  
  176  11:12  Marine  
  176  11:13  Marine x2  
  176  11:16  Marauder x2  
  173  11:21  Marauder  
  173  11:23  Marine  
  170  11:27  Liberator  
  170  11:30  Liberator, Marine  
  170  11:31  Marine  
  145  11:37  Marauder  
  145  11:38  Marauder  
  143  11:40  Marine  
  143  11:41  Marine  
  143  11:42  Marauder  
  144  11:48  Marine  
  144  11:50  Liberator x2  
  144  11:53  Marine  
  143  11:58  Barracks Reactor, Barracks Tech Lab, Marine  
  143  11:59  Marauder x2  
  148  12:01  Command Center  
  154  12:09  Concussive Shells  
  151  12:17  Marauder x2  
  151  12:20  Marauder  
  151  12:22  Marauder  
  154  12:26  Marine x2  
  152  12:38  Marauder x2  
  156  12:46  Viking x2  
  158  13:04  Marauder x2  
  162  13:09  Marauder x2, Marine x2  
  161  13:13  Marine  
  162  13:21  Marine  
  162  13:22  Marine  
  162  13:25  Marauder  
  162  13:26  Marauder  
Show
View Real Time Build Order
Export as new Build Order

DnS Protoss 

Build Orders:  

Get SALT Encoding   

  12  0:00  Probe  
  13  0:12  Probe  
  14  0:18  Pylon  
  14  0:24  Probe  
  15  0:32  Probe  
  15  0:38  Gateway  
  15  0:40  Probe  
  16  0:48  Assimilator  
  17  0:51  Probe  
  18  1:03  Probe  
  19  1:15  Probe  
  20  1:25  Zealot  
  22  1:27  Cybernetics Core  
  22  1:31  Probe  
  23  1:35  Pylon  
  23  1:53  Stalker, Probe  
  24  2:07  Probe, Shield Battery  
  26  2:13  Stalker  
  26  2:19  Probe  
  26  2:38  Nexus, Probe  
  27  2:44  Stalker  
  27  2:49  Shield Battery  
  29  2:52  Probe  
  29  2:56  Assimilator  
  30  3:12  Shield Battery  
  30  3:13  Gateway  
  30  3:20  Shield Battery  
  30  3:21  Probe  
  31  3:33  Probe  
  30  3:39  Pylon  
  30  3:54  Probe  
  31  3:58  Probe  
  31  4:00  Zealot  
  31  4:01  Cybernetics Core  
  34  4:06  Probe  
  35  4:10  Probe  
  35  4:16  Probe  
  36  4:18  Probe  
  38  4:24  Probe  
  38  4:26  Probe  
  38  4:27  Warp Gate  
  40  4:33  Probe  
  40  4:36  Assimilator, Probe  
  40  4:37  Stargate  
  41  4:45  Probe  
  42  4:47  Pylon  
  42  4:48  Probe  
  42  4:50  Stalker  
  45  4:56  Robotics Facility  
  45  4:57  Probe  
  46  5:01  Pylon  
  46  5:05  Assimilator, Probe  
  47  5:08  Pylon  
  47  5:09  Probe  
  47  5:12  Phoenix  
  48  5:17  Probe  
  51  5:21  Probe  
  52  5:29  Probe, Gateway  
  52  5:33  Probe, Gateway  
  54  5:38  Phoenix  
  54  5:42  Probe  
  57  5:48  Observer  
  56  5:54  Probe  
  57  5:57  Phoenix  
  57  6:04  Robotics Bay  
  57  6:05  Probe  
  57  6:06  Probe  
  57  6:11  Observer  
  60  6:15  Sentry  
  60  6:17  Probe  
  63  6:18  Phoenix, Pylon  
  65  6:27  Nexus  
  65  6:28  Probe  
  65  6:31  Immortal, Probe  
  67  6:40  Probe  
  67  6:43  Probe  
  67  6:45  Sentry  
  75  6:54  Colossus, Adept, Pylon  
  75  6:58  Pylon  
  77  7:13  Shield Battery  
  77  7:15  Adept  
  85  7:17  Phoenix  
  86  7:24  Observer, Probe x2  
  86  7:29  Adept x2  
  92  7:36  Probe x2, Forge  
  94  7:39  Colossus  
  94  7:40  Pylon  
  94  7:47  Probe  
  101  7:53  Probe  
  101  7:58  Extended Thermal Lance  
  102  7:59  Sentry  
  102  8:00  Probe  
  102  8:03  Probe  
  102  8:05  Protoss Ground Weapons Level 1  
  106  8:06  Pylon  
  106  8:10  Probe  
  107  8:13  Pylon  
  107  8:17  Twilight Council  
  107  8:18  Probe  
  108  8:23  Colossus, Probe x2  
  108  8:24  Blink  
  108  8:25  Pylon  
  116  8:38  Shield Battery  
  116  8:41  Assimilator, Pylon  
  116  8:47  Gateway x2  
  116  8:53  Gateway  
  114  8:58  Stalker x2  
  114  9:02  Gateway  
  118  9:05  Gateway  
  118  9:14  Stalker, Shield Battery  
  120  9:20  Forge  
  120  9:23  Colossus  
  126  9:26  Assimilator, Probe  
  126  9:27  Probe  
  126  9:29  Probe  
  129  9:32  Pylon  
  129  9:36  Stalker  
  131  9:39  Observer  
  131  9:41  Stalker x2  
  131  9:45  Robotics Facility  
  135  9:57  Stalker x2  
  139  10:00  Protoss Ground Armor Level 1  
  139  10:07  Stalker x2  
  143  10:19  Protoss Ground Weapons Level 2  
  143  10:21  Disruptor  
  143  10:25  Charge  
  146  10:32  Stalker x5  
  156  10:41  Pylon  
  156  10:42  Pylon  
  156  10:43  Observer  
  156  10:49  Disruptor  
  156  10:52  Stalker  
  157  10:59  Pylon x2  
  157  11:00  Pylon  
  157  11:05  Stalker x2  
  147  11:12  Stalker x2  
  147  11:17  Disruptor  
  128  11:20  Stalker  
  128  11:21  Stalker x3  
  116  11:31  Zealot x2  
  104  11:38  Stalker x2  
  104  11:39  Colossus  
  103  11:46  Colossus, Stalker x2  
  103  11:47  Stalker x2  
  116  12:03  Nexus  
  116  12:07  Zealot x2  
  114  12:19  Zealot x3  
  114  12:20  Zealot x2  
  120  12:27  Sentry  
  120  12:28  Sentry  
  120  12:29  Immortal  
  116  12:31  Sentry  
  116  12:43  Sentry  
  116  12:44  Zealot x3, Sentry  
  130  12:51  Zealot  
  129  13:02  Stalker x2  
  108  13:12  Stalker  
  108  13:13  Stalker x5  
  120  13:27  Stalker x2  
  104  13:36  Stalker x5  
Tags
 
Add a new tag
Caveats
  • Supply blocks, unpowered buildings, or Contaminate may cause inaccurate times.
  • Supply counts are checked every 10 seconds.